Construct Weapon Support Center
Selects Armored Battlegroup
Selects Armored Battlegroup
Selects Assault Engineers
M3 Armored Personnel Carrier
M3 Armored Personnel Carrier
Construct Medical Station
Selects Strength in Steel
M3 Armored Personnel Carrier
M3 Armored Personnel Carrier
Selects UNKNOWN (2160077)
M4A3E8 Sherman Easy Eight
Selects M31 Recovery Vehicle
M4A3E8 Sherman Easy Eight
M4A3E8 Sherman Easy Eight
M4A3E8 Sherman Easy Eight